Map: Bel'Shir Vestige LE (Void)

Players

Sisyphus

  • Race: Zerg Zerg
  • League: Gold
  • Spawn Location: 11:00

ChIIIef - Winner!

  • Race: Terran Terran
  • League: Gold
  • Spawn Location: 5:00

VOD

Have the link to the VOD?

Description

Time

  • Played on: Feb. 18, 2017, 10:18 a.m.
  • Length: 14:20
Show
View Real Time Build Order
Export as new Build Order

Sisyphus Zerg 

Build Orders: Hatch First 

Get SALT Encoding   

  12  0:02  Drone  
  13  0:09  Drone  
  14  0:17  Overlord  
  14  0:36  Drone x3  
  17  0:58  Hatchery  
  16  1:09  Drone  
  16  1:11  Drone  
  18  1:14  Extractor  
  17  1:20  Spawning Pool  
  16  1:35  Overlord  
  16  1:36  Drone x2  
  18  2:07  Zergling x4  
  20  2:09  Queen  
  20  2:10  Queen  
  24  2:16  Zergling x2  
  24  2:17  Drone  
  26  2:24  Metabolic Boost  
  26  2:31  Zergling x2  
  26  2:32  Drone  
  28  2:54  Drone x3  
  28  2:55  Zergling x4  
  33  2:58  Queen  
  35  3:06  Overlord  
  35  3:13  Evolution Chamber  
  34  3:29  Drone x5  
  39  3:48  Drone  
  39  3:54  Drone x3  
  43  4:00  Hatchery  
  43  4:10  Drone x2  
  43  4:11  Overlord x2  
  44  4:28  Queen  
  43  4:47  Zergling x14  
  43  4:48  Zergling x2  
  49  4:53  Spore Crawler  
  49  4:54  Overlord, Spine Crawler  
  49  4:58  Spore Crawler  
  49  4:59  Queen, Spine Crawler  
  47  5:09  Spine Crawler  
  47  5:11  Drone x4  
  47  5:12  Queen  
  52  5:22  Drone  
  52  5:23  Drone x3  
  56  5:32  Spine Crawler  
  55  5:36  Drone x2  
  55  5:37  Drone x2  
  59  5:45  Zerg Melee Weapons Level 1  
  59  5:46  Drone x2  
  59  5:47  Drone x2  
  63  5:53  Baneling Nest  
  62  5:57  Drone x4  
  66  6:20  Overlord x4  
  66  6:37  Overlord x2, Queen  
  68  6:49  Spore Crawler, Drone x4  
  71  7:00  Drone x6  
  71  7:01  Drone  
  78  7:02  Zergling x2  
  78  7:06  Extractor  
  78  7:11  Baneling x4  
  78  7:27  Drone x4, Zergling x2  
  78  7:28  Zergling x8  
  78  7:29  Overlord  
  87  7:35  Lair  
  87  7:36  Evolution Chamber  
  86  7:39  Drone x2  
  86  7:40  Drone  
  89  7:45  Extractor  
  89  7:48  Extractor  
  89  7:49  Drone  
  89  7:50  Drone x2  
  90  8:00  Queen  
  90  8:02  Drone x4  
  90  8:04  Zergling x10  
  101  8:06  Hatchery  
  101  8:10  Baneling  
  101  8:11  Baneling x8  
  101  8:12  Baneling  
  98  8:25  Zergling x8  
  102  8:27  Spine Crawler x2  
  102  8:29  Spine Crawler  
  84  8:44  Zergling x4  
  84  8:45  Zergling x8  
  77  9:12  Spore Crawler  
  77  9:15  Zergling x12  
  77  9:16  Zergling x2  
  81  9:31  Extractor x2  
  79  9:42  Baneling x3  
  79  9:43  Baneling  
  78  9:47  Zergling x2  
  78  9:48  Zergling x16  
  85  9:54  Baneling x6  
  85  9:55  Baneling x6  
  85  9:56  Overseer  
  85  9:59  Zergling x6  
  56  10:23  Zergling x12  
  55  10:38  Zergling x6  
  54  10:43  Zergling x2  
  54  10:44  Zergling x4  
  57  10:53  Drone x3  
  56  11:12  Drone x3  
  57  11:22  Spine Crawler  
  57  11:23  Spine Crawler  
  57  11:25  Drone x4  
  58  11:29  Centrifical Hooks  
  58  11:30  Spire  
  58  11:33  Baneling x4  
  58  11:34  Baneling x3  
  58  11:40  Overseer  
  58  11:47  Zergling x10  
  58  11:48  Drone x2, Zergling x8  
  69  12:00  Queen  
  71  12:15  Baneling x5  
  71  12:16  Baneling x2  
  69  12:28  Zergling x4  
  69  12:29  Zergling x18  
  76  12:35  Zergling x4  
  76  12:36  Zergling x4  
  74  12:43  Overseer  
  74  12:46  Mutalisk x4  
  79  12:59  Baneling x2  
  79  13:00  Baneling x6  
  79  13:10  Baneling x2  
  79  13:11  Baneling x2  
  70  13:38  Zergling x8  
  70  13:39  Zergling x12  
  70  13:40  Zergling x14  
  73  13:52  Zergling x10  
Show
View Real Time Build Order
Export as new Build Order

ChIIIef Terran - Winner!

Build Orders: Reaper Expand, MMM Bio 

Get SALT Encoding   

  12  0:00  SCV  
  13  0:13  SCV  
  14  0:20  Supply Depot  
  14  0:25  SCV  
  15  0:41  SCV  
  16  0:42  Barracks  
  16  0:51  Refinery  
  16  0:53  SCV  
  17  1:05  SCV  
  18  1:17  SCV  
  19  1:30  Orbital Command  
  19  1:36  Reaper  
  20  1:46  Command Center  
  20  2:05  Supply Depot  
  20  2:09  Barracks Reactor  
  20  2:14  SCV  
  21  2:31  Factory  
  21  2:35  Refinery, SCV  
  22  2:43  Supply Depot  
  22  2:47  SCV  
  22  2:57  Marine x2  
  24  3:07  Supply Depot  
  24  3:09  Orbital Command  
  24  3:11  SCV  
  25  3:15  Starport  
  25  3:16  Factory Reactor  
  25  3:21  Marine x2  
  25  3:23  SCV  
  28  3:31  Barracks  
  28  3:38  SCV  
  28  3:39  Marine x2  
  28  3:41  SCV  
  32  3:52  Widow Mine  
  34  3:57  Marine x2  
  34  3:58  Starport Reactor  
  34  3:59  Widow Mine  
  38  4:12  SCV x2  
  38  4:14  Marine  
  38  4:15  Marine  
  42  4:20  Barracks Tech Lab  
  40  4:46  Marine x3  
  40  4:48  Widow Mine x2  
  40  4:50  Medivac  
  51  4:55  Viking  
  51  4:57  SCV x2  
  53  5:04  Marine  
  53  5:05  Marauder  
  56  5:10  Engineering Bay  
  56  5:18  Marine  
  56  5:19  Widow Mine x2  
  61  5:22  Marine  
  62  5:33  SCV  
  62  6:04  Terran Infantry Weapons Level 1  
  62  6:15  Refinery  
  62  6:17  Refinery  
  62  6:22  Command Center  
  62  6:23  Barracks  
  62  6:29  Stimpack  
  62  6:37  Barracks  
  62  6:48  Supply Depot  
  62  6:49  Supply Depot  
  62  6:50  Widow Mine x2, Viking, Medivac  
  70  7:09  SCV, Marine x2  
  70  7:10  Marauder, SCV  
  70  7:12  Supply Depot  
  70  7:13  Supply Depot  
  76  7:20  Medivac  
  76  7:22  SCV x2  
  80  7:23  Missile Turret  
  80  7:29  Marine x2  
  80  7:31  Barracks Reactor, Barracks Tech Lab  
  80  7:33  Widow Mine, Marauder  
  80  7:34  Widow Mine, SCV x2  
  80  7:36  Supply Depot  
  90  7:37  Medivac  
  92  7:55  SCV  
  92  7:56  Marine x2  
  92  7:57  SCV  
  92  7:58  Orbital Command  
  96  8:07  SCV  
  97  8:16  Marine x6  
  97  8:18  Widow Mine  
  105  8:21  Widow Mine  
  107  8:29  Combat Shields  
  107  8:34  Marauder  
  87  8:51  Marine  
  87  8:52  Widow Mine, Marine x4  
  87  8:53  Widow Mine  
  87  8:54  Medivac x2  
  95  9:18  Marine  
  95  9:19  Marauder, Marine x4  
  95  9:21  Widow Mine x2  
  95  9:22  SCV  
  96  10:18  Marine x6  
  96  10:19  Widow Mine x2  
  90  10:21  Medivac  
  91  10:36  Marauder, Marine x4  
  91  10:37  Marine  
  96  10:44  Barracks  
  96  10:49  Concussive Shells  
  96  10:53  Marine  
  96  10:54  Marine x3  
  100  10:57  SCV x2  
  100  11:05  Orbital Command  
  100  11:09  SCV  
  100  11:10  SCV  
  102  11:16  Marine x2  
  102  11:17  Marine x4  
  102  11:18  Widow Mine x2  
  108  11:20  Medivac x2  
  108  11:22  SCV  
  108  11:23  SCV  
  118  11:34  Marine x2  
  118  11:35  Marauder x2  
  124  11:45  Marine  
  125  11:54  Supply Depot  
  125  11:55  Refinery x2  
  125  11:56  Supply Depot  
  125  12:15  Marine x3  
  125  12:16  Marauder, SCV x3  
  125  12:17  Marine, Supply Depot  
  125  12:20  Supply Depot  
  134  12:28  Liberator, SCV  
  126  12:40  Marine  
  126  12:41  Widow Mine x2, Marine x5  
  126  12:43  Medivac  
  140  12:50  Command Center  
  141  12:53  Barracks  
  141  12:56  Liberator  
  141  12:58  Barracks  
  141  12:59  Marauder  
  141  13:02  Armory  
  130  13:36  Marine  
  130  13:37  Marine x5  
  131  13:54  Marine x4  
  131  13:55  Marauder x2  
Tags
 
Add a new tag
Caveats
  • Supply blocks, unpowered buildings, or Contaminate may cause inaccurate times.
  • Supply counts are checked every 10 seconds.